 Dungeon Crawl Stone Soup version 0.27.1-16-g815e20cd7a (webtiles) character file.

Game seed: 594819370046957033

59 Descartes the Covert (level 3, 0/17 HPs)
             Began as a Felid Delver on Nov 22, 2021.
             Slain by a jackal (2 damage)
             ... on level 1 of the Dungeon.
             The game lasted 00:01:30 (400 turns).

Descartes the Covert (Felid Delver)                  Turns: 400, Time: 00:01:30

Health: 0/17       AC:  1    Str:  9    XL:     3   Next: 78%
Magic:  4/4        EV: 18    Int: 11    God:
Gold:   15         SH:  0    Dex: 17    Spells: 2/2 levels left
                                        Lives:  0   Deaths: 0

rFire    . . .     SeeInvis +     - Unarmed
rCold    . . .     Faith    .   (shield unavailable)
rNeg     . . .     Spirit   .   (armour unavailable)
rPois    .         Reflect  .   (helmet unavailable)
rElec    .         Harm     .   (cloak unavailable)
rCorr    .         Rampage  .   (gloves unavailable)
Will     .....                  (boots unavailable)
Stlth    ++++......             (no amulet)
HPRegen  0.05/turn              (no ring)
MPRegen  0.09/turn              (no ring)

@: quick
A: very small, claws 1, fangs 3, see invisible, speed 1, shaggy fur 1, stealthy
paws, no weapons or thrown items, no armour, multi-lived
a: no special abilities


You were on level 1 of the Dungeon.
You visited 1 branch of the dungeon, and saw 5 of its levels.

You collected 15 gold pieces.

Inventory:

Wands
 e - a wand of digging (3)
Scrolls
 a - a scroll of fog
 b - a scroll of magic mapping
 c - a scroll of fear
 g - a scroll of acquirement {unknown}
Potions
 d - a potion of haste
 f - a potion of attraction {unknown}


   Skills:
 - Level 3.0 Fighting
 + Level 3.8 Dodging
 * Level 8.0 Stealth
 - Level 2.0 Unarmed Combat


You had 2 spell levels left.
You didn't know any spells.
Your spell library contained the following spells:

 Spells                   Type           Power      Damage    Failure   Level
 Call Imp                 Summ           0%         N/A       47%         2
 Manifold Assault         Tloc           0%         N/A       100%        5
 Summon Mana Viper        Hex/Summ       0%         N/A       100%        5
 Malign Gateway           Summ/Tloc      0%         N/A       100%        7


Dungeon Overview and Level Annotations

Branches:
Dungeon (5/15)
 Temple: D:4-7

Altars:


Innate Abilities, Weirdness & Mutations

You have sharp claws.
You have razor-sharp teeth.
You have supernaturally acute eyesight. (SInv)
You cover ground quickly. (Speed+)
You are covered in fur. (AC +1)
Your paws help you pounce on unaware monsters.
You are incapable of wielding weapons or throwing items.
You cannot wear armour.
You gain extra lives every three experience levels.


Message History

Found 15 bolts.
A kobold comes into view. It is wielding a +0 dagger.
Found a scroll labelled ADWURA PO HISK.
The helpless jackal fails to defend itself.
You mangle the jackal!!
You kill the jackal!
The jackal barks!
The jackal bites you but does no damage.
The jackal barks! x2; The goblin shouts!
The kobold shouts!
You scratch the jackal but do no damage.
The jackal bites you.
You barely miss the jackal. The jackal misses you.
The goblin hits you with a +0 dagger.
You scratch the jackal but do no damage.
The jackal closely misses you. x2; The jackal misses you.
The goblin hits you but does no damage.
You scratch the jackal but do no damage.
The jackal bites you. x2; The jackal barely misses you.
The goblin hits you with a +0 dagger.
* * * LOW HITPOINT WARNING * * *
You are too injured to fight recklessly!
You are too injured to fight recklessly!
You are too injured to fight recklessly!
You are too injured to fight recklessly!
You are too injured to fight recklessly!
You are too injured to fight recklessly!
The jackal bites you but does no damage.
The jackal completely misses you. The jackal bites you.
* * * LOW HITPOINT WARNING * * *
The jackal closely misses you.
You see here a scroll labelled IQAFROCUY.
g - a scroll labelled IQAFROCUY You scratch the jackal.
The jackal is moderately wounded.
The jackal completely misses you.
Unknown command.
You barely miss the jackal.
The jackal is lightly wounded.
The jackal bites you.
You die...

#.## #... ..### ....
#..#### ##(....##
#.......#..
######..........
#.@hhKg.........
#####.####h.......?.
...#.# #.......###
#.#.# ###.....#
#...# #.......
########..##
#.....###
.......)..# #.....#
########).# ###.###
#>.#


You could see 3 jackals, a goblin and a kobold.

Vanquished Creatures
  A killer bee (D:5)
  An ufetubus (D:2)
  A ball python (D:2)
  3 endoplasms
  2 goblins
  A hobgoblin (D:2)
  A jackal (D:1)
  A frilled lizard (D:2)
  A kobold (D:1)
12 creatures vanquished.

Notes
Turn   | Place    | Note
-------+----------+-------------------------------------------
     0 | D:5      | Descartes the Felid Delver began the quest for the Orb.
     0 | D:5      | Reached XP level 1. HP: 10/10 MP: 2/2
     4 | D:5      | Noticed a killer bee
     4 | D:5      | Noticed a jelly
     7 | D:5      | Killed a killer bee
     8 | D:5      | Reached skill level 7 in Stealth
     8 | D:5      | Reached XP level 2. HP: 14/14 MP: 3/3
     8 | D:5      | Reached XP level 3. HP: 17/17 MP: 4/4
   353 | D:1      | Reached skill level 8 in Stealth
   378 | D:1      | Got the Compendium of Summoning and Orientation
   400 | D:1      | Slain by a jackal

Illustrated notes

Levels and vault maps discovered:
D:1:      lightli_arrival_windingriver, layout_loops_ring,
          shapermc_ecumenical_altar_acropolis
D:2:      layout_basic, minmay_misc_feat_plants
D:3:      layout_basic
D:4:      layout_loops_ring, uniq_edmund
D:5:      layout_layer_cave, st_stairs_9, grunt_ministairs_1,
          wad_floor_pattern_untrapped

Skill      XL: |  1  2  3 |
---------------+----------+-----
Dodging        | 3 |  3.8
Stealth        | 7 8 |  8.0
Fighting       | |  3.0
Unarmed Combat | |  2.0

Action                   || total
-------------------------++-------
Melee: Unarmed           ||    29
 Stab: Sleeping          ||     6
Armor: Skin              ||     3
Dodge: Dodged            ||    23
